 Dungeon Crawl Stone Soup version 0.31.0-32-g396128a36d (webtiles) character file.

Game seed: 57722978047060951

113 cdecastro the Grasshopper (level 4, -6/35 (36) HPs)
             Began as an Armataur Warper on Mar 12, 2024.
             Was a Plaything of Xom.
             Mangled by an orc
             ... wielding a +2 morningstar of draining
              (10 damage)
             ... on level 2 of the Dungeon on Mar 13, 2024.
             The game lasted 00:03:36 (1326 turns).

cdecastro the Grasshopper (Armataur Warper)         Turns: 1326, Time: 00:03:36

HP:   -6/35 (36)    AC:  4    Str: 17    XL:     4   Next: 65%
MP:   6/6           EV:  9    Int: 15    God:    Xom [..*...]
Gold: 67            SH:  0    Dex:  9    Spells: 6/6 levels left

rFire   + . .        l - +1 hand axe (flame)
rCold   . . .        (no shield)
rNeg    . . .        b - +0 leather armour
rPois   +            (no helmet)
rElec   .            (no cloak)
rCorr   .            (no gloves)
SInv    .            (no barding)
Will    .....        (no amulet)
Stlth   +            f - ring of poison resistance
HPRegen 0.25/turn    j - ring of protection from fire
MPRegen 0.10/turn

%: roll
@: lightly drained
A: large, deformed body, tough skin 3, armoured tail, roll 1
a: Renounce Religion


You were on level 2 of the Dungeon.
You worshipped Xom.
You were a toy of Xom.
You visited 1 branch of the dungeon, and saw 2 of its levels.

You collected 67 gold pieces.

Inventory:

Hand Weapons
 a - a +0 mace
 l - a +1 hand axe of flaming (weapon)
Missiles
 d - 7 darts of dispersal (quivered)
Armour
 b - a +0 leather armour (worn)
 q - a +0 pair of gloves
Jewellery
 f - a ring of poison resistance (left hand)
 j - a ring of protection from fire (right hand)
Scrolls
 c - a scroll of blinking
 e - 3 scrolls of identify {unknown}
 h - a scroll of torment {unknown}
 k - a scroll of vulnerability {unknown}
 m - 2 scrolls of enchant armour {unknown}
 n - a scroll of enchant weapon {unknown}
 o - a scroll of poison {unknown}
Potions
 g - a potion of berserk rage {unknown}
 i - a potion of mutation {unknown}
 p - a potion of cancellation {unknown}


   Skills:
 - Level 1.7 Fighting
 * Level 2.1(2.7) Axes
 - Level 2.7(3.2) Maces & Flails
 - Level 0.8 Throwing
 - Level 1.2 Armour
 - Level 1.3 Dodging
 - Level 1.7 Spellcasting
 + Level 3.9 Translocations


You had 6 spell levels left.
You didn't know any spells.
Your spell library contained the following spells:

 Spells                   Type           Power      Damage    Failure   Level
 Blink                    Tloc           26%        N/A       9%          2
 Lesser Beckoning         Tloc           26%        N/A       9%          2
 Teleport Other           Tloc           13%        N/A       16%         3
 Manifold Assault         Tloc           13%        N/A       47%         4
 Vhi's Electric Charge    Tloc/Air       14%        N/A       75%         4


Dungeon Overview and Level Annotations

Branches:
Dungeon (2/15)

Altars:
Xom


Innate Abilities, Weirdness & Mutations

Armour fits poorly on your strangely shaped body.
You have extremely tough skin. (AC +3)
You have a long armoured tail.
You regenerate magic when rolling toward enemies. (Rampage MPRegen)


Message History

The orc wizard casts a spell at you. The magic dart hits you.
You hit the orc wizard. You burn the orc wizard.
The orc wizard is severely wounded.
The orc wizard hits you but does no damage.
An orc comes into view.
It is wielding a +2 morningstar of draining.
The orc wizard hits you with a +0 dagger.
You barely miss the orc wizard.
The orc wizard is severely wounded.
The orc shouts!
The orc wizard hits you with a +0 dagger.
* * * LOW HITPOINT WARNING * * *
An orc wizard comes into view. It is wielding a +0 dagger.
You closely miss the orc wizard.
The orc wizard is severely wounded.
The orc wizard shouts!
The orc wizard hits you with a +0 dagger.
* * * LOW HITPOINT WARNING * * *
You barely miss the orc wizard.
The orc wizard is severely wounded.
The orc wizard hits you with a +0 dagger.
* * * LOW HITPOINT WARNING * * *
You slash the orc wizard! You burn the orc wizard.
You kill the orc wizard!
Your Axes skill increases to level 2!
You hit the kobold. You burn the kobold.
You kill the kobold!
The orc wizard gestures wildly while chanting.
The orc wizard flickers and vanishes!
Deactivating autopickup; reactivate with Ctrl-A.
You hit the orc. You burn the orc.
The orc is moderately wounded.
The orc hits you with a +2 morningstar of draining!
* * * LOW HITPOINT WARNING * * *
You feel drained.
* * * LOW HITPOINT WARNING * * *
You closely miss the orc. You tail-slap the orc.
The orc is almost dead.
The orc hits you with a +2 morningstar of draining!
You die...

..................
..................
..................
######......#.#.#.
#............
#.....####### #.....#
# .##.###### #.....#
#
......o@.####...####
#
.#######.##........#
## #.##....)...# ##.
#.##......(.###..
#................
#.##........###..
#.##........# ##.
#.#######.#.........#
#.
#.........#.....###.#
#.


You could see an orc.

Vanquished Creatures
  A hound (D:2)
  An orc wizard (D:2)
  An adder (D:2)
  5 endoplasms
  4 giant cockroaches
  7 goblins
  A hobgoblin (D:1)
  7 jackals
  6 kobolds
  A quokka (D:1)
  A ball python (D:1)
  3 bats (D:1)
  4 frilled lizards
  5 rats
47 creatures vanquished.

Notes
Turn   | Place    | Note
-------+----------+-------------------------------------------
     0 | D:1      | cdecastro the Armataur Warper began the quest for the Orb.
     0 | D:1      | Reached XP level 1. HP: 17/17 MP: 3/3
   221 | D:1      | Reached XP level 2. HP: 11/24 MP: 4/4
   657 | D:1      | Found a faded altar of an unknown god.
   668 | D:1      | Reached XP level 3. HP: 29/29 MP: 5/5
   674 | D:1      | Prayed at the altar of an unknown god.
   674 | D:1      | Became a worshipper of Xom of Chaos
   836 | D:2      | XOM: cloud trail
   864 | D:2      | XOM: silly message
  1014 | D:2      | Reached skill level 1 in Axes
  1187 | D:2      | Reached XP level 4. HP: 24/36 MP: 6/6
  1255 | D:2      | XOM: 3-stop teleportation journey
  1326 | D:2      | Mangled by an orc

Illustrated notes

Levels and vault maps discovered:
D:1:      dpeg_arrival_simpleton_b, layout_basic,
          chequers_ecumenical_altar_simple_redux
D:2:      layout_loops_cross, minmay_tree_intersection

Skill      XL: |  1  2  3  4 |
---------------+-------------+-----
Maces & Flails | 2 |  2.7
Axes           | 1 2 |  2.1
Fighting       | |  1.7
Throwing       | |  0.8
Armour         | |  1.2
Dodging        | |  1.3
Spellcasting   | |  1.7
Translocations | |  3.9

Action                     |  1- 3 |  4- 6 || total
---------------------------+-------+-------++-------
  Melee: Mace              |    82 |       ||    82
         Tailslap          |    10 |     1 ||    11
         Hand axe          |    59 |    15 ||    74
    Use: Potion            |     1 |       ||     1
 Armour: Leather armour    |   110 |    13 ||   123
  Dodge: Dodged            |    83 |       ||    83
